 Dungeon Crawl Stone Soup version 0.20.1-1-g8b1a95d (webtiles) character file.

386 aemxdp the Gusty (level 6, -12/44 HPs)
             Began as a Merfolk Air Elementalist on Oct 15, 2017.
             Was a Priest of Lugonu.
             Mangled by an ogre
             ... wielding a +0 giant club
              (28 damage)
             ... on level 4 of the Dungeon.
             The game lasted 00:39:43 (4427 turns).

aemxdp the Gusty (Merfolk Air Elementalist)         Turns: 4427, Time: 00:39:43

Health: -12/44     AC:  4    Str:  8    XL:     6   Next: 78%
Magic:  10/10      EV: 19    Int: 22    God:    Lugonu [***...]
Gold:   99         SH:  0    Dex: 20    Spells: 6/10 levels left

rFire    . . .     SeeInvis .   q - +0 hunting sling
rCold    . . .     Gourm    .   (no shield)
rNeg     . . .     Faith    .   B - +0 robe
rPois    .         Spirit   .   y - +0 helmet (curse)
rElec    .         Reflect  .   (no cloak)
rCorr    .         Harm     .   (no gloves)
MR       +....                  v - +0 pair of boots
Stlth    ++++......             (no amulet)
Regen    0.2/turn               k - ring of protection from magic
MPRegen  0.2/turn               E - +6 ring of intelligence

@: agile
A: change form in water, swift swim, stealthy swim
a: Depart the Abyss, Bend Space, Banish, Renounce Religion


You were on level 4 of the Dungeon.
You worshipped Lugonu.
Lugonu was most pleased with you.
You were not hungry.

You visited 1 branch of the dungeon, and saw 4 of its levels.

You collected 99 gold pieces.

Inventory:

Hand Weapons
 f - a +0 whip
 l - a +0 short sword
 q - a +0 hunting sling (weapon)
Missiles
 e - 50 stones (quivered)
 o - 16 arrows
Armour
 a - a +0 robe
 j - a +0 robe
 n - a +0 robe
 r - a +0 leather armour
 v - a +0 pair of boots (worn)
 y - a cursed +0 helmet (worn)
 B - a +0 robe (worn)
Jewellery
 k - a ring of protection from magic (left hand)
 E - a +6 ring of intelligence (right hand)
Scrolls
 d - a scroll of remove curse
 g - 4 scrolls of identify {unknown}
 h - a scroll of fog {unknown}
 i - 3 scrolls of teleportation {unknown}
 m - a scroll of immolation {unknown}
 t - 2 scrolls of blinking {unknown}
 w - a scroll of enchant weapon {unknown}
Potions
 x - a potion of curing
 z - a potion of lignification {unknown}
 A - a potion of heal wounds {unknown}
 C - a potion of brilliance {unknown}
 D - a potion of invisibility {unknown}
Books
 b - a book of Air

   Spells                             Type                      Level
   a - Shock                          Conjuration/Air              1
   b - Swiftness                      Charms/Air                   2
   c - Static Discharge               Conjuration/Air              3
   d - Airstrike                      Air                          4
   e - Lightning Bolt                 Conjuration/Air              5
Comestibles
 c - 3 bread rations
 p - a royal jelly
 s - 5 meat rations


   Skills:
 + Level 1.8 Fighting
 + Level 3.1 Slings
 + Level 3.1 Dodging
 + Level 2.7 Stealth
 + Level 2.8 Spellcasting
 + Level 2.3 Conjurations
 + Level 3.3 Air Magic


You had 6 spell levels left.
You knew the following spells:

 Your Spells              Type           Power        Failure   Level  Hunger
a - Shock                 Conj/Air       ###.         4%          1    None
b - Static Discharge      Conj/Air       ###.....     12%         3    ###....


Dungeon Overview and Level Annotations

Branches:
Dungeon (4/15)
 Temple: D:4-7

Altars:
Lugonu


Message History

Aiming: Shock
Press: ? - help, Shift-Dir - straight line, f/p - ogre
Aim: an ogre, wielding a giant club (heavily wounded)
The zap hits the ogre.
The ogre is heavily wounded.
The ogre hits you with a giant club!!
Ouch! That really hurt!
* * * LOW HITPOINT WARNING * * *
It was a potion of agility.
You feel agile all of a sudden. The ogre closely misses you.
The ogre completely misses you.
You see here 32 arrows.
It was a potion of curing.
You feel better.
You see here a buckler.
Press: ? - help, Shift-Dir - straight line, f/p - ogre
Aim: an ogre, wielding a giant club (moderately wounded, chance to defeat MR: 79%)
You fail to use your ability.
The ogre hits you with a giant club!!
Ouch! That really hurt!
You die...

#.# #.####### .. #.#
#.# #.# ##.# #.# #.#
##...##.##
##.#####.#.#....#
.............#.#
#.#####.#.#....#
#######.######...#####
.........O@.....##
######.######### #.#
#.# ##### #.# #....
#.##### #.### #.....#
#.# #####.# ###.###
#.#########.....#


You could see an ogre.

Vanquished Creatures
  Grinder (D:3)
  Jessica (D:3)
  3 gnolls (D:3)
  3 adders
  A worm (D:3)
  5 dart slugs
  4 orcs (D:3)
  A giant cockroach (D:3)
  3 hobgoblins
  9 jackals
  10 kobolds
  2 quokkas
  A ball python (D:3)
  10 bats
  6 frilled lizards
  8 goblins
  2 quokka skeletons (D:4)
  21 rats
91 creatures vanquished.

Notes
Turn   | Place    | Note
-------+----------+-------------------------------------------
     0 | D:1      | aemxdp the Merfolk Air Elementalist began the quest for the Orb.
     0 | D:1      | Reached XP level 1. HP: 13/13 MP: 3/3
   383 | D:1      | Reached skill level 1 in Conjurations
   383 | D:1      | Reached XP level 2. HP: 19/19 MP: 0/5
  1001 | D:1      | Reached XP level 3. HP: 22/24 MP: 0/6
  1235 | D:1      | Learned a level 3 spell: Static Discharge
  1882 | D:2      | Found a faded altar of an unknown god.
  1910 | D:2      | Became a worshipper of Lugonu the Unformed
  1910 | D:2      | Reached * piety under Lugonu
  1910 | D:2      | Reached ** piety under Lugonu
  2043 | D:2      | Reached XP level 4. HP: 30/30 MP: 1/7
  2618 | D:3      | Reached *** piety under Lugonu
  2618 | D:3      | Reached skill level 1 in Slings
  2882 | D:3      | Reached skill level 1 in Fighting
  2883 | D:3      | Reached XP level 5. HP: 31/37 MP: 1/8
  3371 | D:3      | Noticed Grinder
  3410 | D:3      | Paralysed by Grinder for 3 turns
  3437 | D:3      | Killed Grinder
  3437 | D:3      | Reached XP level 6. HP: 15/44 MP: 1/10
  3727 | D:3      | Noticed Jessica
  3745 | D:3      | Killed Jessica
  4392 | D:4      | HP: 2/44 [ogre/giant club (27)]
  4427 | D:4      | Mangled by an ogre

Skill      XL: |  1  2  3  4  5  6 |
---------------+-------------------+-----
Conjurations   | 1 2 |  2.3
Air Magic      | 3 |  3.3
Slings         | 1 2 3 |  3.1
Fighting       | 1 |  1.8
Dodging        | 3 |  3.1
Stealth        | |  2.7
Spellcasting   | |  2.8

Action                   |  1- 3 |  4- 6 || total
-------------------------+-------+-------++-------
Melee: Unarmed           |     3 |       ||     3
       Whip              |    30 |       ||    30
       Hunting sling     |       |     3 ||     3
 Fire: Hunting sling     |    15 |   126 ||   141
 Cast: Shock             |    73 |    74 ||   147
  Use: Scroll            |       |     1 ||     1
       Potion            |       |     2 ||     2
  Eat: Bread ration      |     1 |     2 ||     3
Armor: Robe              |    17 |    17 ||    34
Dodge: Dodged            |    83 |    70 ||   153
